 Dungeon Crawl Stone Soup version 0.15.0-25-gd84c1e8 (webtiles) character file.

12634 HiobMontag the Reanimator (level 11, 0/86 HPs)
             Began as a Deep Dwarf Necromancer on Aug 28, 2014.
             Was a High Priest of Kikubaaqudgha.
             Killed by divine providence
             ... invoked by an orc priest
              (14 damage)
             ... on Level 4 of the Orcish Mines on Sept 10, 2014.
             The game lasted 04:25:13 (22154 turns).

HiobMontag the Reanimator (Deep Dwarf Necromancer) Turns: 22154, Time: 04:25:16

HP   0/86        AC 13     Str 14      XL: 11   Next: 65%
MP   1/29        EV 19     Int 18      God: Kikubaaqudgha [*****.]
Gold 1857        SH  0     Dex 12      Spells:  9 memorised,  1 level left

rFire  + . .     SeeInvis .     i - +1 war axe (drain)
rCold  + . .     Clarity  +     a - +0 robe
rNeg   . . .     rCorr    .     (no shield)
rPois  +         rRot     .     (no helmet)
rElec  +         Spirit   .     D - +0 cloak of Starlight {rElec rC+ EV+4 Stlth-}
SustAb .         Warding  .     g - +1 pair of gloves
rMut   .         Stasis   .     u - +0 pair of boots
Gourm  .                        m - amulet of clarity
MR     ++...                    y - ring "Bliwaxuw" {+Blink rElec rPois rF+ MR+ Str+1}
                                e - +3 ring of protection

@: death channel, non-regenerating, very resistant to hostile enchantments,
unstealthy
A: damage resistance, recharge devices, rough black scales 1, sense surroundings
2, slow healing 3
a: Device Recharging, Receive Corpses, Torment, Renounce Religion, Evoke Blink


You were on level 4 of the Orcish Mines.
You worshipped Kikubaaqudgha.
Kikubaaqudgha was extremely pleased with you.
You were not hungry.

You visited 3 branches of the dungeon, and saw 15 of its levels.
You also visited: Sewer.

You collected 1857 gold pieces.

Inventory:

Hand weapons
 i - a +1 war axe of draining (weapon)
 l - a +2 quarterstaff of chaos
 B - a +0 blowgun
 R - a +1 hunting sling of flaming
 Y - a +2 arbalest
Missiles
 f - 6 curare-tipped needles
 n - 12 silver sling bullets
 q - 3 javelins of penetration (quivered)
 r - 7 poisoned bolts
 A - 4 poisoned tomahawks
 C - 61 poisoned needles
 J - 16 bolts of flame
 Z - 83 bolts
Armour
 a - a +0 robe (worn)
 g - a +1 pair of gloves (worn)
 u - a +0 pair of boots (worn)
 x - a +2 cloak
 D - the +0 cloak of Starlight (worn) {rElec rC+ EV+4 Stlth-}
   (You acquired it on level 10 of the Dungeon)

   It affects your evasion (+4).
   It protects you from cold.
   It insulates you from electricity.
   It makes you less stealthy.
 E - a +2 robe of magic resistance
Magical devices
 c - a wand of heal wounds (4)
 F - a wand of polymorph (8) {unknown}
 S - a wand of frost (17)
 V - a wand of flame (7) {unknown}
 X - a wand of heal wounds (4)
Comestibles
 d - 9 bread rations
 k - 5 meat rations
 v - 3 rotting chunks of orc flesh
 w - 5 beef jerkies
 z - 7 slices of pizza
 H - 5 fruits
 U - 8 chunks of orc flesh
Scrolls
 j - 7 scrolls of remove curse
 T - a scroll of magic mapping
 W - a scroll of summoning
Jewellery
 e - a +3 ring of protection (left hand)
 m - an amulet of clarity (around neck)
 y - the ring "Bliwaxuw" (right hand) {+Blink rElec rPois rF+ MR+ Str+1}
   (You found it on level 4 of the Dungeon)

   [ring of protection from magic]

   It affects your strength (+1).
   It protects you from fire.
   It insulates you from electricity.
   It protects you from poison.
   It affects your resistance to hostile enchantments.
   It lets you blink.
 L - an uncursed ring of protection from cold {unknown}
 N - an uncursed amulet of resist corrosion {unknown}
 O - an uncursed ring of see invisible {unknown}
Potions
 h - 5 potions of might
 o - 2 potions of brilliance
 p - a potion of haste
 s - 4 potions of heal wounds
 t - a potion of agility
 G - 6 potions of curing
Books
 b - a book of Necromancy

   Spells                             Type                      Level
   *Pain                              Necromancy                   1
   *Animate Skeleton                  Necromancy                   1
   *Vampiric Draining                 Necromancy                   3
   Regeneration                       Charms/Necromancy            3
   *Animate Dead                      Necromancy                   4
   *Control Undead                    Necromancy                   4
 I - a book of Spatial Translocations

   Spells                             Type                      Level
   Apportation                        Translocation                1
   Blink                              Translocation                2
   *Shroud of Golubria                Charms/Translocation         2
   *Portal Projectile                 Translocation                3
   Teleport Other                     Translocation                3
   Passage of Golubria                Translocation                4
 K - Kikubaaqudgha's Tome of Unholy Magic
   (Kikubaaqudgha gifted it to you on level 5 of the Dungeon)

   Spells                             Type                      Level
   *Pain                              Necromancy                   1
   Corpse Rot                         Necromancy                   2
   Sublimation of Blood               Necromancy                   2
   *Vampiric Draining                 Necromancy                   3
   *Control Undead                    Necromancy                   4
 P - a book of Changes

   Spells                             Type                      Level
   Beastly Appendage                  Transmutation                1
   Sticks to Snakes                   Transmutation                2
   Spider Form                        Transmutation/Poison         3
   Ice Form                           Ice/Transmutation            4
   Blade Hands                        Transmutation                5
 Q - Kikubaaqudgha's Collected Works on Evil Secrets
   (Kikubaaqudgha gifted it to you on level 7 of the Dungeon)

   Spells                             Type                      Level
   *Animate Dead                      Necromancy                   4
   *Agony                             Necromancy                   5
   Dispel Undead                      Necromancy                   5
   Simulacrum                         Ice/Necromancy               6
   *Death Channel                     Necromancy                   6


   Skills:
 + Level 2.1 Fighting
 + Level 3.4 Axes
 + Level 1.1 Staves
 + Level 0.7(1.1) Slings
 + Level 1.9 Crossbows
 + Level 1.0(1.1) Throwing
 + Level 6.3 Dodging
 + Level 4.0 Stealth
 + Level 10.1 Spellcasting
 + Level 1.7 Charms
 + Level 12.9 Necromancy
 + Level 3.2 Translocations
 + Level 1.3 Evocations


You had one spell level left.
You knew the following spells:

 Your Spells              Type           Power        Failure   Level  Hunger
a - Pain                  Necr           ####         1%          1    None
b - Animate Skeleton      Necr           N/A          1%          1    None
c - Vampiric Draining     Necr           ######....   1%          3    None
d - Animate Dead          Necr           N/A          1%          4    ###....
e - Control Undead        Necr           ######....   1%          4    ###....
f - Agony                 Necr           ######..     1%          5    ####...
g - Shroud of Golubria    Chrm/Tloc      ###.......   4%          2    None
h - Portal Projectile     Tloc           ###...       10%         3    None
i - Death Channel         Necr           ######....   8%          6    ######.


Dungeon Overview and Level Annotations

Branches:
Dungeon (10/15)            Temple (1/1) D:4             Orc (4/4) D:10
    Elf (0/3) Orc:3          Lair (0/8) D:10

Altars:
Ashenzari
Cheibriados
Dithmenos
Elyvilon
Fedhas
Kikubaaqudgha
Makhleb
Nemelex Xobeh
Okawaru
Qazlal
Sif Muna
Trog
Vehumet
Xom
Yredelemnul
Zin
The Shining One
Beogh

Shops:
D:8 [

Annotations:
D:9 exclusion: statue


Innate Abilities, Weirdness & Mutations

You are resistant to damage.
You can recharge devices by infusing magical energy.
You passively map the area around you.
You do not heal naturally.
You are partially covered in rough black scales (AC +4, Dex -1).


Message History

Your spectral orc completely misses the orc priest.
The orc priest mumbles some strange prayers to Beogh against you.
Something smites you!
* * * LOW HITPOINT WARNING * * *
Casting: Vampiric Draining
Confirm with . or Enter, or press ? or * to list all spells.
Aiming: Pain
Press: ? - help, Shift-Dir - straight line, f/p - orc priest
Aim: an orc priest, wielding a club and wearing a chain mail (heavily wounded)
The orc priest convulses in agony!
The orc priest closely misses you.
Your spectral orc hits the orc priest.
The orc priest barely misses your spectral orc.
You barely miss the orc priest.
The orc priest is heavily wounded.
Your spectral orc hits the orc priest but does no damage.
Your spectral orc misses the orc priest.
The orc priest calls down the wrath of Beogh upon you.
Something smites you!
You die...
Kikubaaqudgha rasps: "You have failed me!
Welcome... death!"

##.###.o.(...o............
#.....#.#.................
##......#...).............
###...................... ### ##
###..................o. ##.##
##.#####...................
#...###...#.#)...................
##(#.###........o.....(..........
#.(...###().....@o.Z.............
.Z..Z.##.....Z#.ZZ)Zo............
#....))).....Z.Z#....#...........
Z.Z.#.[...##.....#...#...........
#################################
* * * ,, * * , , , , * , , * * ,
,,,


You could see an orc warrior, 2 orc priests, 2 friendly spectral orcs and 5
friendly orc skeletons.

Vanquished Creatures
  Donald (Orc:3)
  Nergalle (Orc:3)
  Erolcha (Orc:2)
  An orc knight (D:9)
  Pikel (D:7)
  A hill giant (D:10)
  A deep elf mage (D:8)
  A wyvern (D:8)
  A wraith (D:10)
  Eustachio (D:8)
  4 hippogriffs
  A hill giant skeleton (D:10)
  A warg (Orc:3)
  A water moccasin (D:10)
  4 ogres
  11 orc warriors
  3 phantoms
  An ice beast (D:4)
  4 centaurs
  2 big kobolds
  5 giant frogs
  A gnoll sergeant (D:10)
  2 scorpions
  4 killer bees (D:9)
  A wight (D:7)
  A goliath beetle (D:7)
  3 crimson imps
  A jelly (D:7)
  4 hounds
  13 orc priests
  Crazy Yiuf (D:2)
  2 gnoll shamans
  4 iguanas
  6 worker ants
  29 orc wizards
  Ijyb (D:4)
  2 ogre zombies (D:10)
  A hound skeleton (D:8)
  A mummy (D:8)
  8 green rats
  A scorpion zombie (D:7)
  19 adders
  16 gnolls
  2 shadow imps
  4 giant mites
  3 worms (D:3)
  An adder skeleton (D:4)
  11 giant geckos
  127 orcs
  2 ball pythons
  5 giant cockroaches
  9 hobgoblins
  11 jackals
  39 kobolds
  2 oozes (D:4)
  25 bats
  A giant gecko skeleton (D:5)
  7 giant newts
  A giant spore (D:7)
  20 goblins
  3 goblin zombies (D:10)
  2 hobgoblin zombies
  4 kobold zombies
  9 orc zombies (D:10)
  5 quokkas
  A quokka skeleton (D:4)
  29 rats
  A rat skeleton (D:4)
  6 ballistomycetes (D:9)
498 creatures vanquished.

Vanquished Creatures (collateral kills)
  A troll (Orc:4)
  A spriggan (D:9)
  2 hungry ghosts (D:10)
  2 hill giant zombies
  A warg (Orc:4)
  A necrophage (D:7)
  7 orc warriors
  A phantom (D:10)
  4 ogres
  2 giant frogs
  An eye of draining (D:8)
  3 troll zombies (D:10)
  2 wights (D:7)
  2 killer bees (D:9)
  A jelly (D:7)
  An iguana (D:8)
  A hound (D:5)
  5 orc priests
  4 orc wizards
  2 ogre zombies (D:10)
  7 gnolls
  A worker ant zombie (D:7)
  An adder (Sewer)
  A giant mite (D:3)
  A shadow imp (D:8)
  50 orcs
  3 ball pythons
  2 giant cockroaches (D:5)
  5 goblins
  3 hobgoblins
  A quokka (D:8)
  3 bats
  A giant newt (D:1)
  A goblin skeleton (D:10)
  A goblin zombie (D:10)
  A hobgoblin skeleton (D:10)
  3 kobolds
  2 orc skeletons (D:10)
  7 orc zombies (D:10)
  8 rats
  A rat skeleton (D:3)
  A ballistomycete (D:9)
148 creatures vanquished.

Vanquished Creatures (others)
  A slave (D:7)
  A necrophage (D:7)
  4 killer bee zombies (D:9)
  3 hippogriff zombies
  A water moccasin skeleton (D:10)
  A troll skeleton (Orc:4)
  A warg skeleton (Orc:4)
  A centaur zombie (D:10)
  4 giant frog skeletons
  A big kobold zombie (D:7)
  An orc wizard (D:4)
  A worker ant (D:7)
  A big kobold skeleton (D:7)
  2 ogre skeletons
  3 hound skeletons
  3 worker ant zombies
  4 adder skeletons
  An orc (Orc:3)
  9 bat skeletons
  A giant mite zombie (D:5)
  2 ball python skeletons
  2 giant cockroach zombies (D:5)
  A giant gecko skeleton (D:7)
  5 giant newt skeletons
  A giant spore (D:9)
  7 gnoll skeletons
  9 goblin skeletons
  4 green rat skeletons
  2 hobgoblin skeletons
  3 jackal skeletons
  6 kobold skeletons
  64 orc skeletons
  13 orc zombies
  3 quokka skeletons
  A rat (D:7)
  12 rat skeletons
179 creatures vanquished.

Grand Total: 825 creatures vanquished

Notes
Turn   | Place    | Note
--------------------------------------------------------------
     0 | D:1      | HiobMontag, the Deep Dwarf Necromancer, began the quest for the Orb.
     0 | D:1      | Reached XP level 1. HP: 15/15 MP: 2/2
    21 | D:1      | Learned a level 1 spell: Animate Skeleton
   269 | D:1      | Reached XP level 2. HP: 22/22 MP: 1/3
   407 | D:1      | Upgraded the game from 0.15.0 to 0.15.0-23-gc2b521c
   636 | D:1      | Reached skill level 5 in Necromancy
  1171 | D:2      | Reached XP level 3. HP: 16/28 MP: 0/6
  1226 | D:2      | Learned a level 3 spell: Vampiric Draining
  1718 | D:2      | Noticed Crazy Yiuf
  1764 | D:2      | Killed Crazy Yiuf
  1764 | D:2      | Reached XP level 4. HP: 34/36 MP: 2/8
  2856 | D:3      | Reached XP level 5. HP: 42/42 MP: 0/11
  3534 | D:4      | Reached skill level 6 in Necromancy
  3574 | D:4      | Got a twitching pewter ring
  3656 | D:4      | Noticed Ijyb
  3687 | D:4      | Killed Ijyb
  3694 | D:4      | Reached XP level 6. HP: 30/49 MP: 0/13
  3999 | D:4      | Your ally Ijyb died
  4058 | D:4      | Reached skill level 7 in Necromancy
  4228 | D:4      | Learned a level 4 spell: Animate Dead
  4344 | D:4      | Noticed a phantom
  4345 | D:4      | Noticed an ice beast
  4357 | D:4      | Killed an ice beast
  4357 | D:4      | Reached XP level 7. HP: 39/56 MP: 3/17
  4413 | D:4      | Killed a phantom
  4420 | D:4      | Learned a level 4 spell: Control Undead
  5003 | D:4      | Found a staircase to the Ecumenical Temple.
  5045 | Temple   | Entered the Ecumenical Temple
  5107 | Temple   | Became a worshipper of Kikubaaqudgha
  5741 | D:5      | Entered Level 5 of the Dungeon
  6066 | D:5      | Reached skill level 5 in Spellcasting
  6066 | D:5      | Reached skill level 8 in Necromancy
  6250 | D:5      | Reached XP level 8. HP: 58/63 MP: 11/20
  6414 | D:5      | Acquired Kikubaaqudgha's first power
  6414 | D:5      | Received a gift from Kikubaaqudgha
  6415 | D:5      | Identified Kikubaaqudgha's Tome of Unholy Magic (Kikubaaqudgha gifted it to you on level 5 of the Dungeon)
  6464 | D:5      | Found a glowing drain.
  6483 | Sewer    | Entered a sewer
  6714 | Sewer    | Reached skill level 1 in Staves
  6775 | Sewer    | Reached skill level 1 in Fighting
  6964 | Sewer    | Acquired Kikubaaqudgha's second power
  8065 | D:6      | Reached skill level 1 in Axes
  8471 | D:6      | Got an ichor-stained scale mail
  8747 | D:6      | Reached skill level 9 in Necromancy
  9067 | D:7      | Received a gift from Kikubaaqudgha
  9074 | D:7      | Identified Kikubaaqudgha's Collected Works on Evil Secrets (Kikubaaqudgha gifted it to you on level 7 of the Dungeon)
  9092 | D:7      | received new spellbook
  9092 | D:7      | Upgraded the game from 0.15.0-23-gc2b521c to 0.15.0-25-gd84c1e8
  9098 | D:7      | Learned a level 5 spell: Agony
  9240 | D:7      | Identified the ring "Bliwaxuw" {+Blink rElec rPois rF+ MR+ Str+1} (You found it on level 4 of the Dungeon)
  9323 | D:7      | Gained mutation: You passively map the area around you. [level up]
  9323 | D:7      | Reached XP level 9. HP: 56/70 MP: 1/23
  9654 | D:7      | Noticed Pikel
  9675 | D:7      | Killed Pikel
  9675 | D:7      | Reached skill level 1 in Throwing
  9675 | D:7      | Reached skill level 5 in Dodging
  9786 | D:7      | Learned a level 2 spell: Shroud of Golubria
 10037 | D:7      | Reached skill level 10 in Necromancy
 10434 | D:7      | Your ally Pikel died
 10560 | D:7      | Found a bloodstained altar of Trog.
 10611 | D:8      | Noticed Eustachio
 10619 | D:8      | Killed Eustachio
 11563 | D:2      | Gained mutation: You are partially covered in rough black scales (AC +4, Dex -1). [potion of beneficial mutation]
 12221 | D:8      | Reached XP level 10. HP: 46/79 MP: 21/25
 12541 | D:8      | Acquired Kikubaaqudgha's third power
 12864 | D:8      | Found Pypt's Antique Armour Boutique.
 13084 | D:9      | Found a blossoming altar of Fedhas.
 13088 | D:9      | Found a stormy altar of Qazlal.
 13826 | D:9      | Reached skill level 1 in Charms
 13826 | D:9      | Reached skill level 11 in Necromancy
 14067 | D:9      | Found a radiant altar of Vehumet.
 14150 | D:9      | Found an iron altar of Okawaru.
 14151 | D:9      | Found a bloodstained altar of Trog.
 14196 | D:9      | Reached skill level 1 in Crossbows
 14400 | D:9      | Noticed an orc knight
 14472 | D:9      | Killed an orc knight
 14747 | D:9      | Found a roughly hewn altar of Beogh.
 14772 | D:9      | Learned a level 3 spell: Portal Projectile
 14894 | D:10     | Entered Level 10 of the Dungeon
 14937 | D:10     | Found a staircase to the Lair.
 15380 | D:10     | Reached skill level 1 in Translocations
 15780 | D:10     | Identified a scroll of acquirement
 16106 | D:10     | Noticed a hill giant
 16139 | D:10     | Killed a hill giant
 16424 | D:10     | Found a staircase to the Orcish Mines.
 16631 | Orc:1    | Entered Level 1 of the Orcish Mines
 16670 | Orc:1    | Reached XP level 11. HP: 83/86 MP: 9/28
 17628 | Orc:2    | Noticed Erolcha
 17644 | Orc:2    | Killed Erolcha
 17644 | Orc:2    | Reached skill level 12 in Necromancy
 17945 | Orc:2    | Acquired Kikubaaqudgha's fourth power
 18412 | Orc:2    | Found a roughly hewn altar of Beogh.
 18668 | Orc:3    | Noticed Nergalle
 18680 | Orc:3    | Killed Nergalle
 18683 | Orc:3    | Found a staircase to the Elven Halls.
 19364 | Orc:3    | Noticed Donald
 19471 | Orc:3    | Killed Donald
 19941 | Orc:3    | Learned a level 6 spell: Death Channel
 20892 | Orc:3    | Reached skill level 10 in Spellcasting
 21006 | Orc:4    | Entered Level 4 of the Orcish Mines
 21351 | Orc:4    | Found a bloodstained altar of Trog.
 22046 | Orc:4    | Reached skill level 1 in Evocations
 22154 | Orc:4    | Killed from afar by an orc priest

Action                   |  1- 3 |  4- 6 |  7- 9 | 10-12 || total
-------------------------+-------+-------+-------+-------++-------
Melee: Quarterstaff      |       |    57 |    75 |    23 ||   155
       War axe           |       |       |   193 |   148 ||   341
 Fire: Blowgun           |       |       |     8 |     1 ||     9
       Hunting sling     |       |       |     8 |    16 ||    24
       Arbalest          |       |       |     3 |    81 ||    84
Throw: Stone             |     1 |     1 |    17 |       ||    19
       Tomahawk          |       |       |     5 |     1 ||     6
       Javelin           |       |       |       |     3 ||     3
 Cast: Pain              |    56 |   102 |   149 |   101 ||   408
       Animate Skeleton  |    18 |    29 |    64 |   116 ||   227
       Vampiric Draining |     5 |    22 |    98 |   168 ||   293
       Animate Dead      |       |     1 |     8 |    18 ||    27
       Control Undead    |       |       |     7 |     9 ||    16
       Agony             |       |       |    21 |    54 ||    75
       Shroud of Golubri |       |       |     5 |    56 ||    61
       Portal Projectile |       |       |       |    21 ||    21
       Death Channel     |       |       |       |    23 ||    23
 Abil: Evoke Blink       |       |       |       |     2 ||     2
Evoke: Wand              |       |     1 |     1 |     9 ||    11
  Use: Scroll            |     2 |     2 |    10 |    12 ||    26
       Potion            |       |       |     4 |     5 ||     9
 Stab: Paralysed         |       |     3 |       |       ||     3
       Distracted        |       |       |     1 |     3 ||     4
       Sleeping          |       |       |     4 |       ||     4
       Confused          |       |       |     1 |       ||     1
       Petrified         |       |       |       |     1 ||     1
  Eat: Chunk             |     4 |    11 |    34 |    49 ||    98
       Beef jerky        |       |       |     3 |     1 ||     4
       Pizza             |       |       |       |     1 ||     1
       Meat ration       |       |       |       |     1 ||     1
